 Dungeon Crawl Stone Soup version 0.29.1-12-g30fa7ad0bf (webtiles) character file.

Game seed: 18429584110448466046

192596 fantasyman the Executioner (level 18, -6/162 HPs)
             Began as a Minotaur Fighter on Dec 18, 2022.
             Was the Champion of the Shining One.
             Killed by the air
             ... invoked by Boheg the Cloud Mage
              (19 damage)
             ... in a wizard's laboratory.
             The game lasted 01:01:50 (48042 turns).

fantasyman the Executioner (Minotaur Fighter)      Turns: 48042, Time: 01:01:51

Health: -6/162     AC: 22    Str: 28    XL:     18   Next: 4%
Magic:  17/17      EV: 10    Int:  5    God:    the Shining One [******]
Gold:   2224       SH: 13    Dex: 11    Spells: 17/17 levels left

rFire   + + +      SeeInvis .   b - +3 broad axe (spect)
rCold   . . .      Faith    .   Q - +0 kite shield {reflect}
rNeg    + + +      Spirit   .   S - +0 fire dragon scales
rPois   .          Reflect  +   (helmet unavailable)
rElec   .          Harm     .   R - scarf {rC+ rF+}
rCorr   +          Rampage  .   K - +2 pair of gloves
Will    +....                   a - +0 pair of boots
Stlth   ..........              O - amulet of regeneration
HPRegen 1.17/turn               M - +4 ring of protection
MPRegen 0.15/turn               d - ring of resist corrosion

@: glowing, very slow
A: horns 3, retaliatory headbutt, iridescent scales 1, deformed body, frail 1
a: Renounce Religion, Divine Shield, Cleansing Flame, Summon Divine Warrior


You were in a wizard's laboratory.
You worshipped the Shining One.
The Shining One was exalted by your worship.
You visited 8 branches of the dungeon, and saw 30 of its levels.
You also visited: Volcano and Wizlab.

You collected 2547 gold pieces.
You spent 323 gold pieces at shops.

Inventory:

Hand Weapons
 b - a +3 spectral broad axe (weapon)
 n - a +7 trishula of holy wrath
Armour
 a - a +0 pair of boots (worn)
 e - the +1 kite shield of an ice cave {rF+ Str+2}
   (You bought it in a shop on level 2 of the Orcish Mines)

   Str:       It affects your strength (+2).
   rF:        It protects you from fire.
 K - a +2 pair of gloves (worn)
 Q - a +0 kite shield of reflection (worn)
 R - a scarf of resistance (worn)
 S - +0 fire dragon scales (worn)
 X - a +1 buckler of protection
Jewellery
 d - a ring of resist corrosion (right hand)
 q - a ring of willpower
 t - a ring of see invisible
 w - a ring of protection from fire
 F - an amulet of guardian spirit
 G - a ring of ice
 M - a +4 ring of protection (left hand)
 N - an amulet of reflection
 O - an amulet of regeneration (around neck)
 P - an amulet of the acrobat
 V - a +6 ring of strength
 Y - a +4 ring of slaying
Wands
 c - a wand of acid (10)
 h - a wand of paralysis (29)
 v - a wand of digging (3)
 x - a wand of polymorph (10)
 y - a wand of mindburst (27)
 D - a wand of flame (54)
 T - a wand of roots (6)
Scrolls
 g - 5 scrolls of teleportation
 k - 5 scrolls of butterflies
 l - 10 scrolls of identify
 z - 3 scrolls of fear
 B - 3 scrolls of amnesia
 J - 3 scrolls of silence
 L - 2 scrolls of magic mapping
Potions
 f - 2 potions of cancellation
 i - 4 potions of haste
 j - 8 potions of lignification
 m - 3 potions of brilliance
 o - 6 potions of attraction
 p - 14 potions of curing
 r - 5 potions of invisibility
 s - a potion of magic
 u - 3 potions of might
 W - a potion of resistance


   Skills:
 * Level 20.6 Fighting
 * Level 22.7 Axes
 * Level 18.0 Armour
 - Level 3.0 Dodging
 * Level 16.0 Shields


You had 17 spell levels left.
You didn't know any spells.
Your spell library contained the following spells:

 Spells                   Type           Power      Damage    Failure   Level
 Apportation              Tloc           0%         N/A       86%         1
 Beastly Appendage        Tmut           0%         N/A       86%         1
 Sandblast                Erth           0%         2d4       86%         1
 Sting                    Tmut/Pois      0%         1d3       86%         1
 Blink                    Tloc           0%         N/A       94%         2
 Passwall                 Tmut/Erth      0%         N/A       94%         2
 Poisonous Vapours        Pois/Air       0%         N/A       94%         2
 Wereblood                Tmut           0%         N/A       94%         2
 Dazzling Flash           Conj/Hex       0%         N/A       99%         3
 Gell's Gravitas          Tloc           0%         N/A       99%         3
 Ignite Poison            Fire/Tmut/Pois 0%         N/A       99%         3
 Lesser Beckoning         Tloc           0%         N/A       99%         3
 Mephitic Cloud           Conj/Pois/Air  0%         N/A       99%         3
 Ozocubu's Armour         Ice            0%         N/A       99%         3
 Spider Form              Tmut/Pois      0%         N/A       99%         3
 Stone Arrow              Conj/Erth      0%         3d7       99%         3
 Teleport Other           Tloc           0%         N/A       99%         3
 Corpse Rot               Necr/Pois/Air  0%         N/A       100%        4
 Hailstorm                Conj/Ice       0%         3d3       100%        4
 Ice Form                 Ice/Tmut       0%         N/A       100%        4
 Iskenderun's Mystic Bla  Conj/Tloc      0%         2d3       100%        4
 Olgreb's Toxic Radiance  Pois           0%         N/A       100%        4
 Alistair's Intoxication  Tmut/Pois      0%         N/A       100%        5
 Borgnjor's Vile Clutch   Necr/Erth      0%         N/A       100%        5
 Freezing Cloud           Conj/Ice/Air   0%         6-21      100%        5
 Manifold Assault         Tloc           0%         N/A       100%        5
 Metabolic Englaciation   Hex/Ice        0%         N/A       100%        5
 Summon Forest            Summ/Tloc      0%         N/A       100%        5
 Summon Mana Viper        Hex/Summ       0%         N/A       100%        5
 Eringya's Noxious Bog    Tmut/Pois      0%         N/A       100%        6
 Simulacrum               Ice/Necr       0%         N/A       100%        6
 Starburst                Conj/Fire      0%         6d3       100%        6
 Summon Cactus Giant      Summ           0%         N/A       100%        6


Dungeon Overview and Level Annotations

Branches:
Dungeon (15/15)            Temple (1/1) D:4            Lair (5/5) D:9
  Swamp (1/4) Lair:3        Snake (3/4) Lair:2        Slime (0/5) Lair:4
    Orc (2/2) D:10            Elf (1/3) Orc:2        Vaults (0/5) D:14
 Depths (2/4) D:15        Volcano (visited)          WizLab (1/1)

Altars:
Ashenzari
Cheibriados
Dithmenos
Elyvilon
Fedhas
Gozag
Hepliaklqana
Kikubaaqudgha
Nemelex Xobeh
Okawaru
Qazlal
Ru
Sif Muna
Trog
Uskayaw
Vehumet
Wu Jian
Xom
Yredelemnul
Zin
The Shining One
Jiyva

Shops:
Orc:2 =[*!   Snake:1 ?[:   Snake:2 *

Portals:
Pandemonium: Depths:1

Annotations:
D:3 1 runed translucent door, xian's ghost, weakling OpDe
Lair:4 1 runed translucent door
Swamp:1 Roxanne
Depths:1 the Enchantress


Innate Abilities, Weirdness & Mutations

You have a pair of large horns on your head.
You reflexively headbutt those who attack you in melee.
You are partially covered in iridescent scales. (AC +2)
Armour fits poorly on your strangely shaped body.
You are frail. (-10% HP)


Message History

Boheg is heavily wounded.
Your +3 spectral broad axe hits Boheg!
You are engulfed in whirling frost.
Your spectral weapon shares its damage with you!
Your +3 spectral broad axe fades away.
* * * LOW HITPOINT WARNING * * *
x2 Boheg hits you but does no damage.
You are electrocuted!
* * * LOW HITPOINT WARNING * * *
You feel much better.
You are engulfed in whirling frost.
* * * LOW HITPOINT WARNING * * *
The winds around Boheg start to calm down.
Boheg hits you but does no damage.
You feel much better.
You are engulfed in whirling frost.
Boheg waves his arms in wide circles.
The air twists around and strikes you!!
* * * LOW HITPOINT WARNING * * *
As you read the scroll of fear, it crumbles to dust.
You assume a fearsome visage.
Boheg resists with almost no effort.
You float gracefully downwards.
Splash!
You fall into the shallow water.
Moving in this stuff is going to be slow.
Boheg waves his arms in wide circles.
The air twists around and strikes you!!
* * * LOW HITPOINT WARNING * * *
You barely miss Boheg.
Boheg is heavily wounded.
Your +3 spectral broad axe hits Boheg.
You block Boheg's attack.
Your unstable footing causes you to fumble your attack.
Boheg hits you with a +1 quick blade of electrocution.
* * * LOW HITPOINT WARNING * * *
Your unstable footing causes you to fumble your attack.
Unknown command.
You slash Boheg! Your headbutt misses Boheg.
Boheg is severely wounded.
Your +3 spectral broad axe hits Boheg!!
Boheg barely misses you. You furiously retaliate!
You headbutt Boheg!
Your unstable footing causes you to fumble your attack.
Boheg waves his arms in wide circles.
The air twists around and strikes you!!
You die...

§§≈≈≈≈§§≈≈≈≈###################
≈≈≈≈≈≈≈≈≈≈###..................
≈≈≈≈≈≈≈≈###...~~~≈~~~~≈≈~~~~~~~
≈≈≈≈≈≈≈##...~~~################
≈≈≈≈≈≈≈#..~~≈≈≈######## ##
≈≈≈≈≈≈##.~≈≈≈≈≈##§§#§.#..#§.#
≈≈≈≈≈≈#..~≈≈≈≈≈#§§§§§....§§§.
≈≈≈≈≈##.~~≈≈≈~§#§§§§§....§§§.
≈≈≈≈≈#..~~~~~§@#§§§§§....§.§.
≈≈≈≈≈#.......§§@.§.......§§§.
≈≈≈≈≈#..~~~~~~~#§§§§.....§§§i
≈≈≈≈≈##.~~≈~≈≈≈#§§§......§§§.
≈≈≈≈≈≈#..~≈≈≈≈≈#§§§......§§§.
≈≈≈≈≈≈##.~≈≈≈≈≈##..#..#..#..#
≈≈≈≈≈≈≈#..~≈~≈≈# ########
≈≈≈≈≈≈≈##...~~≈################
≈≈≈≈≈≈≈≈###...~≈≈~~~≈~≈~≈~~~~~~


You could see Boheg the Cloud Mage (gusty).

Vanquished Creatures
  Asterion (Depths:1)
  Gastronok (Lair:3)
  Kirke (D:13)
  A nagaraja (Snake:2)
  A fire giant (Depths:1)
  The ghost of Qoasy the Carver, a journeyman DsGl of Makhleb (D:15)
  Aizul (Depths:2)
  7 very ugly things
  A balrug (Depths:1)
  2 stone giants
  A vampire knight (Depths:2)
  A spark wasp (WizLab)
  3 blizzard demons (WizLab)
  2 fire dragons (Depths:1)
  Fannar (Lair:2)
  3 ghost crabs (WizLab)
  A boulder beetle (Lair:4)
  An ice dragon (D:14)
  2 salamander tyrants (Snake:2)
  A rakshasa (Depths:1)
  5 hydras
  6 centaur warriors
  8 naga warriors
  6 ogre magi
  10 anacondas
  4 catoblepae
  A spriggan air mage (WizLab)
  5 deep troll shamans (Depths:2)
  19 two-headed ogres
  A dancing weapon (Elf:1)
  2 tengu warriors
  12 death yaks
  Urug (Lair:1)
  2 hell hogs (Volcano)
  4 deep troll earth magi
  2 naga sharpshooters
  4 shock serpents
  Nergalle (Lair:1)
  4 deep elf knights (Elf:1)
  An iron troll (D:14)
  4 skeletal warriors (D:12)
  4 salamander mystics
  2 death drakes (WizLab)
  A swamp dragon (Swamp:1)
  9 deep trolls
  A wizard (D:15)
  5 naga ritualists
  Pikel (D:6)
  4 deep elf zephyrmancers (Elf:1)
  2 orc knights
  5 mana vipers
  7 deep elf pyromancers
  19 ugly things
  A will-o-the-wisp (Lair:4)
  4 manticores
  5 cyclopes
  18 salamanders
  21 elephants
  2 orange demons (Depths:1)
  3 apocalypse crabs (WizLab)
  A gargoyle (D:14)
  A guardian serpent (shapeshifter) (D:15)
  A guardian serpent (Snake:2)
  A rust devil (Depths:1)
  16 black mambas
  A torpor snail (Lair:4)
  4 naga magi (Snake:1)
  2 rime drakes
  A smoke demon (Depths:1)
  Maggie (D:6)
  8 cane toads
  A kobold demonologist (D:10)
  2 ice devils (D:12)
  10 komodo dragons
  An efreet (D:9)
  2 hellwings (Depths:1)
  2 freezing wraiths
  A tengu conjurer (D:15)
  3 trolls
  2 wind drakes (WizLab)
  A hornet (shapeshifter) (D:14)
  A polar bear (Lair:5)
  11 blink frogs
  Prince Ribbit (D:6)
  A wind drake (shapeshifter) (D:14)
  8 dream sheep
  A raiju (shapeshifter) (D:14)
  3 slime creatures
  6 shadows
  9 air elementals (WizLab)
  6 wyverns
  A fire bat (Volcano)
  3 hogs (D:13)
  4 wraiths
  3 basilisks
  51 yaks
  2 neqoxecs (Depths:1)
  2 steam dragons
  18 vampire mosquitoes
  14 nagas
  2 wargs (Orc:2)
  A swamp worm (Lair:3)
  13 water moccasins
  A hell hound (Volcano)
  3 sky beasts
  11 orc warriors
  3 ice beasts
  2 black bears (D:5)
  13 centaurs
  5 wolves (Lair:4)
  34 ogres
  4 lemures (D:6)
  2 phantoms
  2 kobold brigands
  7 bullfrogs
  5 necrophages
  4 gnoll sergeants
  2 scorpions (D:5)
  12 wights
  2 troll zombies (D:10)
  14 killer bees
  An electric eel (Lair:3)
  4 howler monkeys
  2 jellies (D:4)
  A gnoll bouda (D:6)
  3 hounds
  Crazy Yiuf (D:3)
  7 orc priests
  Jessica (D:3)
  Terence (D:2)
  6 iguanas
  18 orc wizards
  Ijyb (D:3)
  4 ogre zombies (D:10)
  A mummy (D:6)
  14 adders
  27 gnolls
  2 worms
  6 dart slugs
  50 orcs
  2 bats
  12 endoplasms
  2 giant cockroaches
  9 goblins
  5 hobgoblins
  2 jackals
  14 kobolds
  7 quokkas
  4 ball pythons
  3 frilled lizards
  2 goblin zombies (D:10)
  3 hobgoblin zombies (D:10)
  3 orc skeletons (D:10)
  11 orc zombies (D:10)
  5 rats
832 creatures vanquished.

Vanquished Creatures (others)
  A blizzard demon (WizLab)
  A ghost crab (WizLab)
  A spriggan air mage (WizLab)
  A death drake (WizLab)
  A manticore (D:11)
  An air elemental (WizLab)
  2 humans (D:13)
  A hog (D:13)
  An orc wizard (D:6)
  8 foxfires (Lair:4)
  42 fungi
  41 plants
  15 toadstools (Lair:4)
116 creatures vanquished.

Grand Total: 948 creatures vanquished

Notes
Turn   | Place    | Note
-------+----------+-------------------------------------------
     0 | D:1      | fantasyman the Minotaur Fighter began the quest for the
                  | Orb.
     0 | D:1      | Reached XP level 1. HP: 19/19 MP: 0/0
   183 | D:1      | Reached XP level 2. HP: 27/27 MP: 1/1
  1198 | D:2      | Reached XP level 3. HP: 23/33 MP: 2/2
  2004 | D:2      | Reached XP level 4. HP: 35/41 MP: 3/3
  2306 | D:2      | Found a faded altar of an unknown god.
  2398 | D:2      | Found an ornate altar of the Wu Jian Council.
  2602 | D:3      | Found a hide-covered altar of Uskayaw.
  2646 | D:3      | Noticed Terence
  2667 | D:3      | Reached skill level 5 in Armour
  2684 | D:2      | Killed Terence
  3231 | D:3      | Reached XP level 5. HP: 42/47 MP: 4/4
  3337 | D:3      | Reached skill level 5 in Fighting
  3448 | D:3      | Found a runed translucent door.
  3464 | D:3      | Noticed xian's ghost (weakling OpDe)
  3699 | D:3      | Noticed Ijyb
  3703 | D:3      | Paralysed by Ijyb for 4 turns
  3720 | D:3      | Killed Ijyb
  3721 | D:3      | Reached skill level 3 in Axes
  3721 | D:3      | Reached skill level 5 in Shields
  3843 | D:3      | Noticed Jessica
  3852 | D:3      | Killed Jessica
  3853 | D:3      | Reached XP level 6. HP: 51/56 MP: 5/5
  4163 | D:3      | Found a runed translucent door.
  4164 | D:3      | Noticed Crazy Yiuf
  4172 | D:3      | Killed Crazy Yiuf
  5285 | D:4      | Reached skill level 4 in Axes
  5550 | D:4      | Reached XP level 7. HP: 49/61 MP: 6/6
  5613 | D:4      | Found a staircase to the Ecumenical Temple.
  5657 | Temple   | Entered the Ecumenical Temple
  5684 | Temple   | Became a worshipper of the Shining One
  5750 | D:4      | Reached skill level 5 in Axes
  6046 | D:5      | Entered Level 5 of the Dungeon
  6466 | D:5      | Reached skill level 6 in Axes
  6548 | D:5      | Noticed a two-headed ogre
  7369 | D:6      | Reached XP level 8. HP: 58/70 MP: 7/7
  7377 | D:6      | Reached skill level 7 in Axes
  7681 | D:6      | Noticed Prince Ribbit
  7692 | D:6      | Killed Prince Ribbit
  8052 | D:6      | Found a stormy altar of Qazlal.
  8066 | D:6      | Reached skill level 8 in Axes
  8226 | D:6      | Noticed Pikel
  8226 | D:6      | Reached * piety under the Shining One
  8507 | D:6      | Noticed Maggie
  8980 | D:7      | Found a glowing silver altar of Zin.
  9649 | D:7      | Reached skill level 9 in Axes
  9649 | D:7      | Reached XP level 9. HP: 70/79 MP: 8/8
  9906 | D:6      | Killed Pikel
  9907 | D:6      | Reached skill level 1 in Dodging
 10460 | D:8      | Reached skill level 10 in Axes
 10714 | D:8      | Found a sacrificial altar of Ru.
 10740 | D:8      | Reached skill level 10 in Armour
 10782 | D:8      | Found an ancient bone altar of Kikubaaqudgha.
 10805 | D:8      | Reached ** piety under the Shining One
 11292 | D:8      | Found a sparkling altar of Nemelex Xobeh.
 11300 | D:8      | Found a radiant altar of Vehumet.
 11352 | D:8      | Reached skill level 11 in Axes
 11352 | D:8      | Reached XP level 10. HP: 42/88 MP: 9/9
 11644 | D:8      | Noticed a cyclops
 11660 | D:8      | Killed a cyclops
 11947 | D:8      | Noticed a cyclops
 11952 | D:8      | Killed a cyclops
 12915 | D:6      | Killed Maggie
 12931 | D:6      | Found a snail-covered altar of Cheibriados.
 12964 | D:5      | Killed a two-headed ogre
 13554 | D:5      | Reached skill level 12 in Axes
 13635 | D:5      | Identified the +4 barding of the Sparrow {Dex+4}
 13690 | D:5      | Found a shadowy altar of Dithmenos.
 14686 | D:9      | Found a white marble altar of Elyvilon.
 15680 | D:9      | Reached skill level 13 in Axes
 15680 | D:9      | Reached XP level 11. HP: 81/97 MP: 10/10
 15899 | D:9      | Found a staircase to the Lair.
 16001 | D:10     | Entered Level 10 of the Dungeon
 16009 | D:10     | Found a broken altar of Ashenzari.
 16054 | D:10     | Noticed a two-headed ogre
 16099 | D:9      | Killed a two-headed ogre
 16789 | D:10     | Reached *** piety under the Shining One
 16849 | D:10     | Found a staircase to the Orcish Mines.
 16881 | D:10     | Reached skill level 14 in Axes
 16905 | D:10     | Reached **** piety under the Shining One
 17523 | D:10     | Reached ***** piety under the Shining One
 17618 | D:11     | Reached skill level 10 in Fighting
 17753 | D:12     | Noticed a purple ugly thing
 17758 | D:12     | Killed a purple ugly thing
 17781 | D:12     | Noticed a white ugly thing
 17789 | D:12     | Killed a white ugly thing
 17810 | D:12     | Reached skill level 15 in Axes
 18044 | D:12     | Noticed a skeletal warrior
 18047 | D:12     | Noticed a skeletal warrior
 18047 | D:12     | Noticed a skeletal warrior
 18574 | D:13     | Noticed a centaur warrior
 18590 | D:13     | Killed a centaur warrior
 18591 | D:13     | Reached XP level 12. HP: 70/108 MP: 11/11
 18756 | D:13     | Noticed Kirke
 18768 | D:13     | Killed Kirke
 18970 | D:13     | Reached skill level 16 in Axes
 20533 | D:12     | Reached skill level 17 in Axes
 21210 | D:14     | Noticed a tengu warrior
 21210 | D:14     | Noticed a tengu warrior
 21233 | D:13     | Killed a tengu warrior
 21409 | D:14     | Killed a tengu warrior
 21570 | D:14     | Gained mutation: Your mind is acute. (Int +4, Str/Dex -1)
                  | [potion of mutation]
 21570 | D:14     | Gained mutation: Your muscles are strong. (Str +4, Int/Dex
                  | -1) [potion of mutation]
 21592 | D:14     | Noticed a catoblepas
 21592 | D:14     | Noticed a two-headed ogre
 21623 | D:13     | Killed a catoblepas
 21635 | D:13     | Reached XP level 13. HP: 57/118 MP: 6/12
 22763 | D:14     | Reached skill level 18 in Axes
 23067 | D:14     | Reached skill level 10 in Shields
 23484 | D:14     | Found a gate to the Vaults.
 23749 | D:14     | Found a faded altar of an unknown god.
 23750 | D:14     | Found a faded altar of an unknown god.
 23750 | D:14     | Found a faded altar of an unknown god.
 23763 | D:14     | Found a hazy altar of Hepliaklqana.
 23962 | Lair:1   | Entered Level 1 of the Lair of Beasts
 24551 | Lair:1   | Noticed Nergalle
 24555 | Lair:1   | Killed Nergalle
 24741 | Lair:1   | Noticed Urug
 24748 | Lair:1   | Killed Urug
 25219 | Lair:2   | Found a staircase to the Snake Pit.
 25446 | Lair:2   | Noticed Fannar
 25456 | Lair:2   | Killed Fannar
 25457 | Lair:2   | Reached skill level 19 in Axes
 25991 | Lair:1   | Reached XP level 14. HP: 81/130 MP: 8/13
 25993 | Lair:1   | Reached skill level 15 in Fighting
 25994 | Lair:1   | Reached XP level 15. HP: 89/141 MP: 9/14
 27829 | Lair:3   | Noticed Gastronok
 27838 | Lair:3   | Killed Gastronok
 28084 | Lair:3   | HP: 6/144 [six-headed hydra (8)]
 28573 | Lair:3   | Found a staircase to the Swamp.
 28711 | Lair:4   | Found a shimmering altar of Xom.
 28785 | Lair:4   | Found a staircase to the Slime Pits.
 28787 | Lair:4   | Found a viscous altar of Jiyva.
 28949 | Lair:4   | Reached ****** piety under the Shining One
 29074 | Lair:4   | Reached skill level 15 in Armour
 29132 | Lair:4   | Found a dark tunnel.
 29139 | Volcano  | Entered a volcano
 29785 | Volcano  | Identified a +7 trishula of holy wrath (a +5 demon trident
                  | of venom blessed by the Shining One)
 29785 | Volcano  | Received a gift from the Shining One
 30903 | Lair:4   | Lost mutation: Your mind is acute. (Int +4, Str/Dex -1)
                  | [potion of mutation]
 30903 | Lair:4   | Lost mutation: Your muscles are strong. (Str +4, Int/Dex
                  | -1) [potion of mutation]
 30903 | Lair:4   | Gained mutation: You are partially covered in iridescent
                  | scales. (AC +2) [potion of mutation]
 30903 | Lair:4   | Gained mutation: You are dopey. (Int -2) [potion of
                  | mutation]
 30903 | Lair:4   | Gained mutation: You are frail. (-10% HP) [potion of
                  | mutation]
 30903 | Lair:4   | Gained mutation: You are resistant to electric shocks.
                  | (rElec) [potion of mutation]
 31062 | Lair:4   | Found a runed translucent door.
 31130 | Lair:5   | Entered Level 5 of the Lair of Beasts
 31624 | Lair:5   | Lost mutation: You are dopey. (Int -2) [potion of mutation]
 31624 | Lair:5   | Lost mutation: You are resistant to electric shocks.
                  | (rElec) [potion of mutation]
 31624 | Lair:5   | Gained mutation: You are very frail. (-20% HP) [potion of
                  | mutation]
 31624 | Lair:5   | Gained mutation: You have a pair of large horns on your
                  | head. [potion of mutation]
 31624 | Lair:5   | Lost mutation: You are very frail. (-20% HP) [potion of
                  | mutation]
 31814 | Lair:5   | Reached skill level 20 in Axes
 33752 | Orc:1    | Entered Level 1 of the Orcish Mines
 33756 | Orc:1    | Reached XP level 16. HP: 139/139 MP: 15/15
 33910 | Orc:2    | Entered Level 2 of the Orcish Mines
 34042 | Orc:2    | Found a staircase to the Elven Halls.
 35250 | Orc:2    | Found Nohy's Antique Armour Shop.
 35250 | Orc:2    | Found Gocryffag's Jewellery Emporium.
 35251 | Orc:2    | Found Arha's Distillery.
 35251 | Orc:2    | Found Tapuek's Assorted Antiques.
 35337 | Orc:2    | Bought a crude kite shield for 323 gold pieces
 35337 | Orc:2    | Identified the +1 kite shield of an ice cave {rF+ Str+2}
                  | (You bought it in a shop on level 2 of the Orcish Mines)
 35583 | Elf:1    | Entered Level 1 of the Elven Halls
 36700 | Snake:1  | Entered Level 1 of the Snake Pit
 36708 | Snake:1  | Found Boim's Magic Scroll Boutique.
 36723 | Snake:1  | Found Yseod's Antique Armour Shop.
 36725 | Snake:1  | Found Colafu's Book Boutique.
 36801 | Snake:1  | Reached skill level 21 in Axes
 40447 | Snake:2  | Reached XP level 17. HP: 134/151 MP: 16/16
 42010 | Snake:2  | Found Lomeamn's Assorted Antiques.
 42579 | Swamp:1  | Entered Level 1 of the Swamp
 42579 | Swamp:1  | Noticed Roxanne
 43699 | D:15     | Entered Level 15 of the Dungeon
 43785 | D:15     | Found a runed translucent door.
 44245 | D:15     | Noticed Qoasy's ghost (journeyman DsGl)
 44408 | D:15     | Found a staircase to the Depths.
 44502 | D:15     | Reached skill level 22 in Axes
 44738 | D:15     | Killed Qoasy's ghost
 44739 | D:15     | Reached skill level 15 in Shields
 44745 | D:15     | Identified the +4 helmet of the Moon {rElec Str+3 Dex+5
                  | Slay-2}
 44838 | Depths:1 | Entered Level 1 of the Depths
 44858 | Depths:1 | Found a shimmering blue altar of Sif Muna.
 44905 | Depths:1 | The Shining One protects you from harm!
 44906 | Depths:1 | The Shining One protects you from harm!
 45238 | Depths:1 | Gained mutation: Armour fits poorly on your strangely
                  | shaped body. [a neqoxec]
 45298 | Depths:1 | Found a one-way gate leading to the halls of Pandemonium.
 45522 | Depths:1 | Noticed the Enchantress
 45863 | Depths:1 | Noticed Asterion
 45868 | Depths:1 | Killed Asterion
 46036 | Depths:2 | Noticed Aizul
 46086 | Depths:2 | Killed Aizul
 46096 | Depths:2 | Found a magical portal.
 46132 | WizLab   | Entered The Chambers of the Cloud Mage
 46201 | WizLab   | Paralysed by an air elemental for 1 turns
 46258 | WizLab   | Paralysed by an air elemental for 1 turns
 46264 | WizLab   | Paralysed by an air elemental for 1 turns
 46291 | WizLab   | Paralysed by an air elemental for 1 turns
 46293 | WizLab   | Paralysed by an air elemental for 1 turns
 46393 | WizLab   | Paralysed by an air elemental for 1 turns
 46511 | WizLab   | Paralysed by an air elemental for 1 turns
 46565 | WizLab   | Reached XP level 18. HP: 72/162 MP: 17/17
 46592 | WizLab   | Paralysed by an air elemental for 1 turns
 47556 | WizLab   | Noticed Boheg
 48034 | WizLab   | HP: 8/162 [Boheg the Cloud Mage/+1 quick blade of
                  | electrocution (13)]
 48042 | WizLab   | Killed from afar by Boheg the Cloud Mage

Illustrated notes

Levels and vault maps discovered:
D:1:      nicolae_arrival_memento_mori, layout_loops_corners, serial_forest,
          infiniplex_forest_zigzag_1, infiniplex_forest_clump_double,
          infiniplex_forest_corner_2, infiniplex_forest_corner_2,
          infiniplex_forest_straight_3, infiniplex_forest_lined_room_2,
          hangedman_decor_points
D:2:      layout_basic, shapermc_ecumenical_altar_petra, basic_altar,
          hangedman_glass_teeth
D:3:      layout_basic, nicolae_uskayaw_dance_hall, ebering_ghost_sewer_d,
          uniq_crazy_yiuf_cottage, uniq_jessica, uniq_ijyb, uniq_terence
D:4:      minmay_octagon_keep, layout_cave_pools, temple_green
D:5:      minmay_bubble_buster, layout_basic, mainiacjoe_overflow_cross_hatched
D:6:      layout_loops_corners, nicolae_overflow_hidden_temple, slow_altar_2,
          sigmund_army, uniq_maggie, uniq_pikel, uniq_prince_ribbit1
D:7:      layout_gridville, mainiacjoe_overflow_tiny_flanked
D:8:      layout_loops_ring, overflow_temple_1_default, amcnicky_altar_gilded,
          amethyst_overflow_temple_binary, wad_mini_maze
D:9:      layout_layer_cave, elyvilon_altar_3, erik_lair_dragon
D:10:     layout_grid_maze, nicolae_ashenzari_panopticon, zombieorc1_lemuel
D:11:     minmay_diamond_stairs, layout_irregular_city,
          hellmonk_guarded_unrand_vines, uniq_sonja
D:12:     layout_loops_ring, portal_ice_cave_demonic_guard
D:13:     layout_cave_pools, lemuel_nasty_fountain, uniq_kirke
D:14:     layout_roguey, david_vaults_4,
          nicolae_hepliaklqana_ecumenical_no_more, minivault_27
D:15:     grunt_enter_depths_giant_problem, layout_small_grid,
          ebering_ghost_inner_flame, hangedman_abyss_or_decor_passed
Temple:   nicolae_temple_bog_church
Lair:1:   layout_small_grid, serial_bayou_crossing, uniq_nergalle, uniq_urug
Lair:2:   layout_gridlike, guppyfry_snake_entry_garden, uniq_fannar
Lair:3:   layout_chaotic_city, palyth_hydra_swamp_entry,
          cheibrodos_lair_reptile_den, serial_bayou_shore_a, uniq_gastronok
Lair:4:   gammafunk_lair_enchanted_lake, layout_cave_shapes, slime_entry_1,
          nicolae_volcano_entry_s_turn, basic_altar, pond, serial_bayou_shore_b,
          lemuel_fruit_tree
Lair:5:   evilmike_catoblepas_cave, layout_misc_corridors,
          chequers_serial_rivers_micro_a
Swamp:1:  layout_basic_swamp, evilmike_swamp_ruin_house_5, swamp_pool4,
          uniq_roxanne, uniq_jorgrun
Snake:1:  layout_grid_shapes, minmay_shop_star, grunt_megastairs_4
Snake:2:  layout_cave_shapes, serial_shops, shop_fountains, special_room,
          grunt_ministairs_9, nicolae_snake_lava_pool
Snake:3:  layout_layer_cave, serial_shops, shop_fountains
Orc:1:    layout_caves, basic_altar, uniq_snorg
Orc:2:    st_orc_ogre_mass, layout_diamond_mine, lemuel_statue_altar
Elf:1:    eino_elf_arrival_customs, layout_loops_ring, serial_shops,
          nicolae_shop_temple_entry_statues_fountains,
          kennysheep_underground_church, uniq_louise
Depths:1: layout_long_grid, hell_entry, minmay_misc_feat_tower,
          grunt_pan_entry_zigzag, grunt_decor_resistance, grunt_decor_clamped,
          minmay_fountain_box, nicolae_sif_muna_condensation, uniq_enchantress,
          uniq_asterion
Depths:2: ragdoll_tomb_raider, layout_basic, hangedman_coc_ice_floe,
          serial_sigils_hangedman_gnaw, mu_enter_wizlab_3,
          grunt_pan_entry_spiral, gammafunk_ghost_grave, nicolae_lava_and_water,
          minmay_misc_feat_diagonals, serial_sigils_hangedman_writhe, uniq_vv,
          uniq_aizul, uniq_josephina
WizLab:   wizlab_cloud

Skill      XL: |  1  2  3  4  5  6  7  8  9 10 11 12 13 14 15 16 17 18 |
---------------+-------------------------------------------------------+-----
Armour         | 4 5 6 7 8 10 11 12 13 14 15 16 17 18 | 18.0
Fighting       | 4 5 6 7 9 10 12 13 15 17 19 20 | 20.6
Shields        | 4 5 6 7 8 9 11 12 14 15 16 | 16.0
Axes           | 3 4 6 9 11 13 15 17 19 20 21 22 | 22.7
Dodging        | 1 3 |  3.0

Action                   |  1- 3 |  4- 6 |  7- 9 | 10-12 | 13-15 | 16-18 || total
-------------------------+-------+-------+-------+-------+-------+-------++-------
Melee: War axe           |    58 |    45 |       |       |       |       ||   103
       Headbutt          |    13 |    19 |    66 |   101 |   167 |   183 ||   549
       Hand axe          |       |   121 |   333 |    11 |       |       ||   465
       Broad axe         |       |       |       |   316 |   413 |   554 ||  1283
       Spear             |       |       |       |       |    51 |       ||    51
       Trishula          |       |       |       |       |       |    54 ||    54
Invok: Brand Weapon With |       |       |       |       |     1 |       ||     1
  Use: Scroll            |     4 |     7 |     7 |    10 |     3 |     8 ||    39
       Potion            |       |     1 |     3 |     2 |     8 |     6 ||    20
Armor: Scale mail        |     9 |    18 |    97 |   116 |   130 |       ||   370
       Plate armour      |    34 |    78 |       |       |       |       ||   112
       Fire dragon scale |       |       |       |       |    59 |   217 ||   276
Dodge: Dodged            |    26 |    46 |    92 |   108 |   137 |   179 ||   588
Block: Buckler           |    17 |    27 |    72 |    91 |       |       ||   207
       Kite shield       |       |       |       |     3 |   215 |   348 ||   566
       Reflection        |       |       |       |     1 |    10 |    27 ||    38
